 Dungeon Crawl Stone Soup version 0.27-a0-1281-ge233d83751 (webtiles) character file.

Game seed: 5086874885748951204

119 bande the Covered (level 5, -1/33 HPs)
             Began as a Gargoyle Fighter on June 14, 2021.
             Slain by a phantom (6 damage)
             ... on level 3 of the Dungeon.
             The game lasted 00:03:44 (2438 turns).

bande the Covered (Gargoyle Fighter)                Turns: 2438, Time: 00:03:44

Health: -1/33      AC: 16    Str: 19    XL:     5   Next: 3%
Magic:  5/5        EV:  5    Int:  9    God:
Gold:   76         SH:  9    Dex: 10    Spells: 4/4 levels left

rFire    . . .     SeeInvis .   a - +0 war axe
rCold    . . .     Faith    .   c - +0 kite shield
rNeg     + . .     Spirit   .   f - +0 chain mail
rPois    ∞         Reflect  .   j - +1 helmet
rElec    +         Harm     .   (no cloak)
rCorr    .         Rampage  .   b - +0 pair of gloves
Will     .....                  (no boots)
Stlth    ..........             (no amulet)
HPRegen  0.11/turn              (no ring)
MPRegen  0.09/turn              (no ring)

@: no status effects
A: sickness immunity, AC +4, negative energy resistance 1, electricity
resistance, torment resistance 1, petrification resistance
a: no special abilities


You were on level 3 of the Dungeon.
You visited 1 branch of the dungeon, and saw 3 of its levels.

You collected 76 gold pieces.

Inventory:

Hand Weapons
 a - a +0 war axe (weapon)
 g - a +0 flail
Armour
 b - a +0 pair of gloves (worn)
 c - a +0 kite shield (worn)
 f - a +0 chain mail (worn)
 j - a +1 helmet (worn)
Scrolls
 d - a scroll of amnesia {unknown}
 e - a scroll of enchant armour {unknown}
 h - a scroll of magic mapping {unknown}
 k - a scroll of vulnerability {unknown}
Potions
 i - a potion of curing {unknown}


   Skills:
 + Level 3.7 Fighting
 + Level 3.3 Axes
 + Level 4.0 Armour
 + Level 0.2 Dodging
 + Level 3.8 Shields


You had 4 spell levels left.
You didn't know any spells.
Your spell library was empty.

Dungeon Overview and Level Annotations

Branches:
Dungeon (3/15)

Altars:

Shops:
D:1 *


Innate Abilities, Weirdness & Mutations

You are immune to sickness and miasma.
Your stone body is resilient. (AC +4)
You are immune to poison.
You resist negative energy. (rN+)
You are resistant to electric shocks. (rElec)
You are resistant to unholy torment.
You are immune to petrification.


Message History

You miss the phantom.
The phantom is moderately damaged.
The phantom hits you.
Your chain mail prevents you from hitting the phantom.
The phantom is moderately damaged.
You block the phantom's attack. The phantom hits you.
Your shield and chain mail prevent you from hitting the phantom.
The phantom is moderately damaged.
The phantom barely misses you.
You closely miss the phantom.
The phantom is moderately damaged.
The phantom hits you. x2
You barely miss the phantom.
The phantom is moderately damaged.
The phantom hits you but does no damage. x2
You closely miss the phantom.
The phantom is moderately damaged.
You block the phantom's attack.
You hit the phantom but do no damage.
The phantom is moderately damaged.
The phantom hits you but does no damage. x2
You hit the phantom.
The phantom is heavily damaged.
You block the phantom's attack.
You closely miss the phantom.
The phantom is heavily damaged.
You block the phantom's attack.
The phantom hits you but does no damage.
You miss the phantom.
The phantom is heavily damaged.
The phantom hits you but does no damage.
You slash the phantom!
The phantom is severely damaged.
The phantom hits you but does no damage. x2
You barely miss the phantom.
The phantom is severely damaged.
The phantom hits you.
* * * LOW HITPOINT WARNING * * *
The phantom hits you.
You die...

#.#.# #.#.# .
#^#.# .. #.#.#
... #.#.#### ..
..#....#
#'#########.#
####.......# #.#
#.....W@...###.#
#......)...'...#
#?.........#####
#..........#
...........#
...........#
..########## ##


You could see a phantom.

Vanquished Creatures
  Robin (D:2)
  3 gnolls (D:2)
  2 adders (D:2)
  2 worms (D:2)
  A dart slug (D:1)
  3 endoplasms
  2 giant cockroaches
  11 goblins
  3 hobgoblins (D:1)
  5 jackals
  4 kobolds
  4 ball pythons
  3 bats
  5 frilled lizards
  4 rats
53 creatures vanquished.

Vanquished Creatures (others)
  5 plants (D:1)
5 creatures vanquished.

Grand Total: 58 creatures vanquished

Notes
Turn   | Place    | Note
-------+----------+-------------------------------------------
     0 | D:1      | bande the Gargoyle Fighter began the quest for the Orb.
     0 | D:1      | Reached XP level 1. HP: 14/14 MP: 1/1
    39 | D:1      | Found Ecepux's Assorted Antiques.
    75 | D:1      | Reached XP level 2. HP: 19/19 MP: 2/2
   304 | D:1      | Reached XP level 3. HP: 21/23 MP: 3/3
   931 | D:2      | Reached XP level 4. HP: 18/28 MP: 4/4
  1760 | D:2      | Noticed Robin
  1770 | D:2      | Killed Robin
  1771 | D:2      | Reached skill level 4 in Armour
  1774 | D:2      | HP: 1/29 [goblin[Robin] (2)]
  1776 | D:2      | Reached XP level 5. HP: 1/33 MP: 5/5
  2409 | D:3      | Noticed a phantom
  2438 | D:3      | Slain by a phantom

Illustrated notes

Levels and vault maps discovered:
D:1:      amcnicky_arrival_wind_blow, layout_rooms, serial_shops, shop,
          kennysheep_boxes
D:2:      layout_loops_ring, uniq_robin
D:3:      layout_basic, hellmonk_ecumenical_altar_defaced_shrine, uniq_terence

Skill      XL: |  1  2  3  4 |
---------------+-------------+-----
Axes           | 2 3 |  3.3
Armour         | 4 |  4.0
Fighting       | |  3.7
Dodging        | |  0.2
Shields        | |  3.8

Action                   |  1- 3 |  4- 6 || total
-------------------------+-------+-------++-------
Melee: War axe           |    89 |    71 ||   160
  Use: Potion            |       |     1 ||     1
Armor: Scale mail        |    49 |       ||    49
       Chain mail        |    16 |    52 ||    68
Dodge: Dodged            |    44 |    19 ||    63
Block: Kite shield       |    66 |    47 ||   113

Table legend: (Time is in decaauts)
 A = Elapsed time spent in this place.
 B = Non-inter-level travel time spent in this place.
 C = Inter-level travel time spent in this place.
 D = Time resting spent in this place.
 E = Time spent auto-exploring this place.
 F = Levels seen in this place.
 G = Mean time per level.
                   A        B        C        D        E       F      G
               +--------+--------+--------+--------+--------+-----+--------+
         Total |   2533 |   2533 |      0 |    866 |   1219 |   3 |  844.3 |
       Dungeon |   2533 |   2533 |      0 |    866 |   1219 |   3 |  844.3 |
               +--------+--------+--------+--------+--------+-----+--------+

Top non-repeatable levels by time:
     D:2: 1771 daAuts
     D:1: 688 daAuts
     D:3: 73 daAuts
